 Dungeon Crawl Stone Soup version bcrawl-1.35.4b (webtiles) character file.

Game seed: 504941149850477204

133795 pheathergobbo575 the Ruffian (level 4, -3/38 HPs)
             Began as a Ghoul Abyssal Knight on Jan 28, 2022.
             Was a Follower of Lugonu.
             Slain by an adder (4 damage)
             ... on level 3 of the Dungeon.
             The game lasted 00:01:54 (1701 turns).

pheathergobbo575 the Ruffian (Ghoul Abyssal Knight) Turns: 1701, Time: 00:01:54

Health: -3/38      AC:  5    Str: 17    XL:     4   Next: 40%
Magic:  4/4        EV: 10    Int:  5    God:    Lugonu [*.....]
Gold:   158        SH:  0    Dex:  9    Spells: 3/3 levels left

rFire    . . .     SeeInvis .     - Claws (12.6)
rCold    + . .     Gourm    .   (no shield)
rNeg     + + +     Faith    .   a - +0 ring mail
rPois    ∞         Spirit   .   (no helmet)
rElec    .         Reflect  .   (no cloak)
rCorr    +                      (no gloves)
MR       .....                  (no boots)
Stlth    ..........             (no amulet)
HPRegen  0.00/turn              g - ring of resist corrosion
MPRegen  0.09/turn              (no ring)

@: rotting
A: rotting body, claws 1, carnivore, cold resistance 1, negative energy
resistance 3, inhibited regeneration, torment resistance, unbreathing
a: Depart the Abyss, Bend Space, Renounce Religion


You were on level 3 of the Dungeon.
You worshipped Lugonu.
Lugonu was aware of your devotion.
You were not hungry.

You visited 1 branch of the dungeon, and saw 3 of its levels.
You visited the Abyss 1 time.

You collected 158 gold pieces.

Inventory:

Missiles
 b - 10 tomahawks of dispersal {=f}
Armour
 a - a +0 ring mail (worn)
Jewellery
 g - a ring of resist corrosion (left claw)
Scrolls
 f - a scroll of fear {unknown}
 h - 2 scrolls of teleportation {unknown}
 i - 5 scrolls of identify
 j - a scroll of blinking {unknown}
 l - a scroll of amnesia {unknown}
 n - a scroll of immolation {unknown}
 p - a scroll of remove curse {unknown}
 q - a scroll of enchant weapon {unknown}
Potions
 c - 2 potions of lignification {unknown}
 d - a potion of heal wounds {unknown}
 k - a potion of curing {unknown}
 m - a potion of brilliance {unknown}
 r - a potion of degeneration {unknown}
Comestibles
 e - 3 rations {!d}
 o - 2 chunks of flesh


   Skills:
 - Level 3.2 Fighting
 - Level 0.8 Throwing
 - Level 1.7 Armour
 - Level 0.8 Dodging
 + Level 5.0 Unarmed Combat
 - Level 2.1 Invocations


You had 3 spell levels left.
You didn't know any spells.
Your spell library was empty.

Dungeon Overview and Level Annotations

Branches:
Dungeon (3/12)

Altars:
Ashenzari


Innate Abilities, Weirdness & Mutations

Your body is rotting away.
You thrive on raw meat.
You are immune to poison.
You have sharp fingernails.
You are carnivorous and can eat meat at any time.
Your flesh is cold resistant. (rC+)
You are immune to negative energy. (rN+++)
You do not regenerate when monsters are visible.
You are immune to unholy pain and torment.
You can survive without breathing.


Message History

You closely miss the adder.
The adder is almost dead.
The adder bites you.
* * * LOW HITPOINT WARNING * * *
The rat bites you but does no damage.
You miss the adder.
The adder is almost dead.
The adder bites you.
* * * LOW HITPOINT WARNING * * *
The rat bites you but does no damage.
You barely miss the adder.
The adder is almost dead.
The adder bites you but does no damage.
You miss the adder.
The adder is almost dead.
The adder barely misses you. The rat closely misses you.
You closely miss the adder.
The adder is almost dead.
The adder bites you.
You die...

..........#
.........#
........# .
#......≈#..
#.....≈⌠..#
#......≈..#
##=..r......
..####..†@S...#
..............#
..............#
.........≈≈..##
.........≈..##
...........##
....≈.....##
...≈⌠≈....#
####.##...#


You could see an adder and a rat.

Vanquished Creatures
  Jessica (D:3)
  An adder (D:2)
  An ooze (D:1)
  2 worms (D:2)
  A dart slug (D:2)
  5 leopard geckos
  A ball python (D:1)
  2 giant cockroaches (D:2)
  A goblin (D:1)
  3 hobgoblins
  A quokka (D:2)
  3 bats
  4 kobolds
  3 rats (D:2)
29 creatures vanquished.

Notes
Turn   | Place    | Note
-------+----------+-------------------------------------------
     0 | Abyss:1  | pheathergobbo575 the Ghoul Abyssal Knight began the quest
                  | for the Orb.
     0 | Abyss:1  | Reached XP level 1. HP: 19/19 MP: 1/1
    56 | Abyss:1  | Noticed a starcursed mass
    61 | D:1      | Escaped the Abyss
   329 | D:1      | Reached XP level 2. HP: 21/24 MP: 2/2
   417 | D:1      | Reached * piety under Lugonu
   418 | D:1      | Reached skill level 3 in Unarmed Combat
  1046 | D:2      | Reached XP level 3. HP: 30/30 MP: 3/3
  1051 | D:2      | Reached skill level 4 in Unarmed Combat
  1420 | D:2      | Found a shattered altar of Ashenzari.
  1658 | D:3      | Noticed Jessica
  1688 | D:3      | Killed Jessica
  1689 | D:3      | Reached skill level 5 in Unarmed Combat
  1689 | D:3      | Reached XP level 4. HP: 22/38 MP: 4/4
  1698 | D:3      | HP: 1/38 [adder (3)]
  1701 | D:3      | Slain by an adder

Skill      XL: |  1  2  3 |
---------------+----------+-----
Unarmed Combat | 3 5 |  5.0
Fighting       | |  3.2
Throwing       | |  0.8
Armour         | |  1.7
Dodging        | |  0.8
Invocations    | |  2.1

Action                   |  1- 3 |  4- 6 || total
-------------------------+-------+-------++-------
Melee: Unarmed           |   118 |    13 ||   131
Invok: Depart the Abyss  |     1 |       ||     1
  Eat: Chunk             |     7 |       ||     7
Armor: Ring mail         |    47 |     8 ||    55
Dodge: Dodged            |    58 |     6 ||    64
